 Dungeon Crawl Stone Soup version 0.31-a0-1603-gbec6b6ccbf (webtiles) character file.

Game seed: 5901983048714948054

950 bjtr the Conjurer (level 8, -6/56 HPs)
             Began as a Human Conjurer on Jan 8, 2024.
             Was a Follower of Vehumet.
             Mangled by a killer bee (7 damage)
             ... on level 6 of the Dungeon.
             The game lasted 00:15:16 (5606 turns).

bjtr the Conjurer (Human Conjurer)                  Turns: 5606, Time: 00:15:16

Health: -6/56      AC:  3    Str:  7    XL:     8   Next: 13%
Magic:  11/15      EV: 12    Int: 21    God:    Vehumet [*.....]
Gold:   337        SH:  4    Dex: 12    Spells: 13/16 levels left

rFire   + . .        t - +1 short sword (venom)
rCold   . . .        v - +0 buckler
rNeg    . . .        a - +0 robe
rPois   .            (no helmet)
rElec   .            (no cloak)
rCorr   .            (no gloves)
SInv    .            l - +0 pair of boots
Will    .....        (no amulet)
Stlth   ++           i - ring of protection from fire
HPRegen 0.29/turn    (no ring)
MPRegen 0.14/turn

%: no passive effects
@: brilliant, lethally poisoned (-6 -> -26)
A: explore regen
a: Renounce Religion


You were on level 6 of the Dungeon.
You worshipped Vehumet.
Vehumet was aware of your devotion.
You visited 1 branch of the dungeon, and saw 6 of its levels.

You collected 337 gold pieces.

Inventory:

Hand Weapons
 c - a +2 dagger of holy wrath
 m - a +0 dagger of venom
 p - a +0 hand axe of pain
 t - a +1 short sword of venom (weapon)
 u - a +1 whip of distortion
 x - a +1 short sword of freezing
 E - a +0 war axe
 F - a +0 scimitar
Missiles
 q - 5 poisoned darts
 A - a throwing net
Armour
 a - a +0 robe (worn)
 j - a +0 leather armour
 l - a +0 pair of boots (worn)
 v - a +0 buckler (worn)
Magical Staves
 g - a staff of fire
 s - a staff of cold
Jewellery
 i - a ring of protection from fire (left hand)
Talismans
 o - a flux talisman
Wands
 D - a wand of iceblast (15)
Scrolls
 e - a scroll of revelation
 f - a scroll of fear
 r - a scroll of torment {unknown}
 w - 5 scrolls of teleportation
 y - 5 scrolls of immolation
 H - 2 scrolls of enchant armour {unknown}
 I - a scroll of blinking
Potions
 b - 2 potions of magic
 d - a potion of resistance
 k - a potion of curing {unknown}
 n - a potion of enlightenment
 z - a potion of cancellation {unknown}
 C - a potion of haste {unknown}
 G - a potion of lignification {unknown}


   Skills:
 + Level 2.1 Fighting
 + Level 3.6 Dodging
 + Level 3.6 Stealth
 + Level 0.9 Shields
 * Level 4.8 Spellcasting
 * Level 6.9 Conjurations


You had 13 spell levels left.
You knew the following spells:

 Your Spells              Type           Power      Damage    Failure   Level
a - Magic Dart            Conj           100%       1d8       1%          1
b - Searing Ray           Conj           100%       2d8       1%          2

Your spell library contained the following spells:

 Spells                   Type           Power      Damage    Failure   Level
 Kiss of Death            Conj/Necr      100%       2d13      4%          1
 Slow                     Hex            28%        N/A       19%         1
 Cigotuvi's Dreadful Rot  Necr/Alch/Air  14%        N/A       28%         2
 Fulminant Prism          Conj/Alch      14%        3d9       41%         4
 Iskenderun's Mystic Bla  Conj/Tloc      29%        2d7       41%         4
 Confusing Touch          Hex            7%         N/A       50%         3
 Sigil of Binding         Hex            7%         N/A       50%         3
 Vampiric Draining        Necr           7%         2d6       50%         3
 Ignite Poison            Fire/Alch      7%         N/A       88%         4
 Freezing Cloud           Conj/Ice/Air   11%        6-21      89%         5


Dungeon Overview and Level Annotations

Branches:
Dungeon (6/15)
 Temple: D:4-7

Altars:
Cheibriados
Elyvilon
Nemelex Xobeh
Trog
Uskayaw
Vehumet

Shops:
D:5 (


Innate Abilities, Weirdness & Mutations

You regain HP and MP as you explore.


Message History

The killer bee poisons you!
An iguana comes into view.
You feel much better.
You feel very sick. The killer bee barely misses you.
The killer bee misses you. The killer bee stings you.
You are more poisoned.
The killer bee poisons you! You block the killer bee's attack.
You feel extremely sick.
The iguana hisses angrily.
The killer bee closely misses you. x2
You feel very sick.
The killer bee attacks as it pursues you!
The killer bee stings you.
You are more poisoned.
The killer bee poisons you! The killer bee stings you.
* * * LOW HITPOINT WARNING * * *
You are more poisoned.
The killer bee poisons you! The killer bee misses you.
* * * LOW HITPOINT WARNING * * *
You feel extremely sick. The killer bee barely misses you.
You block the killer bee's attack.
Unknown command.
You feel much better.
You feel very sick. The killer bee closely misses you.
The killer bee stings you.
* * * LOW HITPOINT WARNING * * *
You are more poisoned.
The killer bee poisons you! You block the killer bee's attack.
The killer bee stings you.
* * * LOW HITPOINT WARNING * * *
It was a potion of brilliance.
You feel clever all of a sudden.
* * * LOW HITPOINT WARNING * * *
You feel very sick. The killer bee barely misses you.
You block the killer bee's attack. The killer bee stings you.
* * * LOW HITPOINT WARNING * * *
The killer bee stings you!
You die...

#.....#.....#....##
##.._..+.....#.....#
#.._8_.#.....'.....#
#..._........#.....#
#......#.....##'####
#....)........#...##
#+#.............#....#
.........<......#....#
.........@......#....#
.........yy.....#....#
................######
...#####.............#
+## #..†..........#
#....l........#
#.............#
#..........>..#
#........######


You could see an iguana and 2 killer bees.

Vanquished Creatures
  Edmund (D:4)
  A sky beast (D:5)
  A phantom (D:4)
  Blork the orc (D:5)
  A scorpion (D:4)
  A killer bee (D:6)
  A howler monkey (D:5)
  4 bombardier beetles
  4 hounds
  An iguana (D:4)
  A sleepcap (D:4)
  4 gnolls (D:4)
  3 adders
  A shadow imp (D:5)
  2 ufetubi (D:5)
  2 dart slugs (D:1)
  A ribbon worm (D:2)
  3 orcs
  4 ball pythons
  3 endoplasms
  2 giant cockroaches
  12 goblins
  8 hobgoblins
  13 jackals
  13 kobolds
  A quokka (D:4)
  2 bats (D:1)
  4 frilled lizards
  7 rats
102 creatures vanquished.

Notes
Turn   | Place    | Note
-------+----------+-------------------------------------------
     0 | D:1      | bjtr the Human Conjurer began the quest for the Orb.
     0 | D:1      | Reached XP level 1. HP: 13/13 MP: 3/3
   283 | D:1      | Reached XP level 2. HP: 19/19 MP: 0/5
   666 | D:1      | Reached XP level 3. HP: 24/24 MP: 4/6
   669 | D:1      | Learned a level 2 spell: Searing Ray
  1286 | D:2      | Reached skill level 5 in Conjurations
  1974 | D:2      | Reached XP level 4. HP: 28/30 MP: 7/7
  2836 | D:3      | Found a snail-covered altar of Cheibriados.
  2897 | D:3      | Found a radiant altar of Vehumet.
  2907 | D:3      | Reached XP level 5. HP: 34/35 MP: 9/9
  2907 | D:3      | Became a worshipper of Vehumet
  3897 | D:4      | Reached skill level 1 in Fighting
  3897 | D:4      | Reached XP level 6. HP: 43/43 MP: 6/10
  3902 | D:4      | Reached skill level 6 in Conjurations
  4029 | D:4      | Noticed Edmund
  4038 | D:4      | Killed Edmund
  4320 | D:4      | Reached XP level 7. HP: 42/48 MP: 12/12
  4411 | D:4      | Reached * piety under Vehumet
  4411 | D:4      | Offered knowledge of Kiss of Death by Vehumet.
  4956 | D:5      | Entered Level 5 of the Dungeon
  5224 | D:5      | Found Ziollur's Antique Weapon Boutique.
  5322 | D:5      | Noticed Blork the orc
  5329 | D:5      | Killed Blork the orc
  5335 | D:5      | Reached XP level 8. HP: 53/56 MP: 7/14
  5548 | D:6      | Found a hide-covered altar of Uskayaw.
  5548 | D:6      | Found a sparkling altar of Nemelex Xobeh.
  5548 | D:6      | Found a bloodstained altar of Trog.
  5548 | D:6      | Found a white marble altar of Elyvilon.
  5606 | D:6      | HP: 1/56 [killer bee (3)]
  5606 | D:6      | Mangled by a killer bee

Illustrated notes

Levels and vault maps discovered:
D:1:      matt_arrival_spirals, layout_basic, minmay_misc_feat_enclosed,
          minmay_tree_intersection, chequers_serial_rivers_small_a
D:2:      minmay_door_path, layout_basic, wander_ebering_terrifying_dragon_lair
D:3:      layout_basic, mainiacjoe_overflow_surrounded_room,
          mainiacjoe_overflow_tiny_flanked, minmay_goblin_outpost
D:4:      nicolae_cairo_tiling, layout_basic, serial_rivers,
          chequers_serial_rivers_micro_b, chequers_serial_rivers_micro_c,
          chequers_serial_rivers_small_a, chequers_serial_rivers_room_a,
          chequers_serial_rivers_micro_b, uniq_edmund
D:5:      layout_rooms, serial_shops, shop, uniq_blork_the_orc
D:6:      layout_gridville, chequers_temple_overflow_statue_of_worship,
          mainiacjoe_overflow_big_doors, st_stairs_14

Skill      XL: |  1  2  3  4  5  6  7 |
---------------+----------------------+-----
Conjurations   | 5 6 |  6.9
Spellcasting   | 3 4 |  4.8
Fighting       | 1 2 |  2.1
Dodging        | 3 |  3.6
Stealth        | 3 |  3.6
Shields        | |  0.9

Action                     |  1- 3 |  4- 6 |  7- 9 || total
---------------------------+-------+-------+-------++-------
  Melee: Dagger            |    86 |    19 |       ||   105
         Short sword       |       |    32 |    49 ||    81
   Cast: Magic Dart        |    53 |    27 |    30 ||   110
         Searing Ray       |       |     9 |     3 ||    12
    Use: Scroll            |       |     9 |       ||     9
         Potion            |       |       |     3 ||     3
   Stab: Sleeping          |     1 |     4 |     1 ||     6
 Armour: Robe              |    35 |    29 |    50 ||   114
  Dodge: Dodged            |    53 |    23 |    44 ||   120
  Block: Buckler           |       |     4 |    17 ||    21

Table legend: (Time is in decaauts)
 A = Elapsed time spent in this place.
 B = Non-inter-level travel time spent in this place.
 C = Inter-level travel time spent in this place.
 D = Time resting spent in this place.
 E = Time spent auto-exploring this place.
 F = Levels seen in this place.
 G = Mean time per level.
                   A        B        C        D        E       F      G
               +--------+--------+--------+--------+--------+-----+--------+
         Total |   5617 |   5437 |    180 |    380 |   4109 |   6 |  936.2 |
       Dungeon |   5617 |   5437 |    180 |    380 |   4109 |   6 |  936.2 |
               +--------+--------+--------+--------+--------+-----+--------+

Top non-repeatable levels by time:
     D:4: 1616 daAuts
     D:1: 1239 daAuts
     D:2: 1166 daAuts
     D:3: 942 daAuts
     D:5: 594 daAuts
     D:6: 57 daAuts
